 Dungeon Crawl Stone Soup version 0.31-a0-174-g85c54bcb58 (webtiles) character file.

Game seed: 15384020512248399057

80875 qw the Severer (level 15, -2/78 HPs)
             Began as a Gargoyle Fighter on June 15, 2023.
             Was an Elder of Okawaru.
             Slain by a reaper
             ... wielding a +4 antimagic scythe
              (6 damage)
             ... on level 2 of the Abyss.
             The game lasted 00:13:23 (21566 turns).

qw the Severer (Gargoyle Fighter)                  Turns: 21566, Time: 00:13:24

Health: -2/78      AC: 35    Str: 32 (33) XL:     15   Next: 68%
Magic:  1/22       EV: 10    Int:  5      God:    Okawaru [****..]
Gold:   2629       SH: 13    Dex:  9      Spells: 14/14 levels left

rFire   x . .        k - +2 war axe (vamp)
rCold   + . .        G - +1 kite shield {rN+}
rNeg    + + .        C - +0 plate armour of Edaklesa {Str+4}
rPois   inf          l - +2 hat {Stlth+}
rElec   +            s - scarf {rC+ rF+}
rCorr   .            j - +0 pair of gloves
SInv    .            q - +0 pair of boots
Will    +....        (no amulet) Stlth
                     I - +4 ring of protection
HPRegen 0.33/turn    y - +6 ring of strength
MPRegen 0.18/turn

%: no passive effects
@: about to teleport, heroic, flying
A: sickness immunity, AC +11, big wings, negative energy resistance 1,
electricity resistance, torment resistance 1, petrification resistance,
iridescent scales 1, [deformed body], [deterioration 2], [dopey 2], [frail 2],
([teleportitis 2]), [weak 2], [heat vulnerability 2]
a: Renounce Religion, Heroism, Finesse


You were on level 2 of the Abyss.
You worshipped Okawaru.
Okawaru was greatly pleased with you.
You visited 3 branches of the dungeon, and saw 21 of its levels.
You visited the Abyss 1 time.
You also visited: Sewer.

You collected 2657 gold pieces.
You spent 28 gold pieces at shops.


Innate Abilities, Weirdness & Mutations

You are immune to sickness and miasma.
Your stone body is resilient. (AC +11)
You are immune to poison.
Your large and strong wings let you fly.
You resist negative energy. (rN+)
You are resistant to electric shocks. (rElec)
You are resistant to unholy torment.
You are immune to petrification.
You are partially covered in iridescent scales. (AC +2)
[Armour fits poorly on your strangely shaped body.]
[Your body often deteriorates upon taking damage.]
[You are very dopey. (Int -4)]
[You are very frail. (-20% HP)]
[((You are often teleported next to monsters.))]
[You are very weak. (Str -4)]
[You are very vulnerable to heat. (rF--)]


   Skills:
 - Level 13.1(18.1) Fighting
 - Level 16.0(21.0) Axes
 - Level 7.0(12.0) Throwing
 - Level 12.0(17.0) Armour
 - Level 3.0(8.0) Dodging
 + Level 9.9(14.9) Shields
 - Level 10.0 Invocations


You had 14 spell levels left.
You didn't know any spells.
Your spell library was empty.

Inventory:

Hand Weapons
 g - a +0 morningstar
 k - a +2 vampiric war axe (weapon)
 E - a +2 heavy war axe
Missiles
 c - 4 silver javelins (quivered)
 e - 3 javelins
 z - 3 boomerangs
Armour
 j - a +0 pair of gloves (worn)
 l - a +2 hat of stealth (worn)
 n - +0 acid dragon scales
 p - a +0 cloak
 q - a +0 pair of boots (worn)
 s - a scarf of resistance (worn)
 C - the +0 plate armour of Edaklesa (worn) {Str+4}
   (You found it on level 4 of the Lair of Beasts)

   Str:       It affects your strength (+4).
 G - a +1 kite shield of positive energy (worn)
Jewellery
 f - a ring of resist corrosion
 y - a +6 ring of strength (right hand)
 A - a ring of resist corrosion
 D - a ring of fire
 I - a +4 ring of protection (left hand)
 Y - a ring of protection from cold
Wands
 h - a wand of digging (4)
Scrolls
 a - 11 scrolls of identify
 v - 3 scrolls of brand weapon
 w - a scroll of teleportation
Potions
 d - 4 potions of might
 i - a potion of haste
 m - 3 potions of mutation
 r - 3 potions of attraction
 t - 4 potions of lignification
 u - 4 potions of curing
 x - a potion of magic
 B - a potion of resistance

Dungeon Overview and Level Annotations

Branches:
Dungeon (15/15)            Temple (1/1) D:6            Lair (5/5) D:11
  Swamp (0/4) Lair:2       Spider (0/4) Lair:3        Slime (0/5) Lair:4
    Orc (0/2) D:11         Vaults (0/5) D:13          Sewer (visited)
 Depths: D:15

Altars:
Ashenzari
Cheibriados
Dithmenos
Elyvilon
Fedhas
Gozag
Hepliaklqana
Kikubaaqudgha
Makhleb
Nemelex Xobeh
Okawaru
Qazlal
Ru
Trog
Uskayaw
Vehumet
Wu Jian
Xom
Yredelemnul
Zin
The Shining One
Jiyva

Shops:
D:8 *

Portals:
Trove: D:11 (give 10 potions of heal wounds)

Annotations:
D:11 exclusion: 2 oklob plants


Message History

The wretched star glows turbulently.
The lance of force hits you!!
Your body deteriorates!
You feel weakened.
You are knocked back by the lance of force.
You slam into the rock wall!
You block the reaper's attack.
21560 ||| READING 2 scrolls of teleportation.
As you read the scroll of teleportation, it crumbles to dust.
You feel strangely unstable.
You feel the power of the Abyss delaying your translocation!
The wretched star pulses with an eldritch light!
You feel frail. x2; You feel vulnerable to heat. x2
You block the reaper's attack.
21561 ||| DRINKING 2 potions of heal wounds.
You feel much better.
The reaper hits you with a +4 antimagic scythe!
You feel your power leaking away.
21562 ||| DRINKING potion of heal wounds.
You feel much better.
The wretched star pulses with an eldritch light!
You feel stupid. x2; You feel weirdly uncertain.
You feel even more weirdly uncertain.
The reaper hits you with a +4 antimagic scythe!!
You feel your power leaking away.
You barely miss the reaper.
The reaper is severely wounded.
You hit the wretched star.
The wretched star glows turbulently.
The lance of force misses you. The reaper barely misses you.
You hit the reaper but do no damage.
The reaper is severely wounded.
You closely miss the wretched star. You closely miss the reaper.
The reaper is severely wounded.
You barely miss the wretched star. You block the reaper's attack.
You hit the reaper but do no damage.
The reaper is severely wounded.
You barely miss the wretched star.
The reaper hits you with a +4 antimagic scythe.
You die...

.# ##..# #...##
#....# # # # #...#
## #
##.#.#######......
. .
#...........### ##
.... ........*2.#
.. .#........@#.#
##..##
#..###.#.##.#
..##.#. ..#..# #
.... ### # ######
###


You could see a reaper and a wretched star.

Vanquished Creatures
  Rupert (D:14)
  Gastronok (D:10)
  A starcursed mass (Abyss:2)
  Josephine (Lair:5)
  Erolcha (D:13)
  5 hydras
  A death knight (D:13)
  2 ogre magi
  2 catoblepae
  3 centaur warriors
  A boulder beetle (D:12)
  3 tengu warriors
  7 death yaks (Lair:5)
  12 two-headed ogres
  13 spriggans (Lair:5)
  8 skeletal warriors
  Sonja (D:13)
  2 skysharks
  Lodul (D:10)
  An orb spider (Lair:3)
  A deep elf archer (D:14)
  A lindwurm (Lair:5)
  2 bog bodies (Lair:2)
  A phantasmal warrior (D:13)
  Pikel (D:7)
  A wizard (D:14)
  A deep elf pyromancer (D:14)
  A large abomination (Abyss:2)
  A necromancer (D:13)
  3 ugly things
  4 manticores
  An oklob plant (D:11)
  4 cyclopes
  8 slime creatures
  A gargoyle (D:10)
  15 cane toads
  3 torpor snails (Lair:1)
  An unseen horror (D:10)
  11 komodo dragons
  3 freezing wraiths
  2 rime drakes
  A tengu conjurer (D:14)
  An efreet (D:13)
  A queen bee (D:10)
  6 trolls
  4 hornets (Lair:5)
  2 polar bears (Lair:5)
  11 blink frogs
  10 wraiths
  6 wyverns
  2 shadows
  3 vampires
  36 yaks
  6 basilisks
  A steam dragon (D:8)
  6 vampire mosquitoes
  2 swamp worms (Lair:2)
  Duvessa (D:6)
  2 acid dragons
  7 water moccasins
  4 orc warriors
  A sky beast (D:6)
  An ice beast (D:5)
  13 ogres
  5 black bears
  28 wolves
  5 boggarts (Lair:5)
  8 centaurs
  10 kobold brigands
  2 phantoms (D:6)
  A lemure (D:7)
  Blork the orc (D:4)
  7 bullfrogs
  Dowan (D:6)
  35 killer bees
  A howler monkey (D:6)
  An electric eel (Lair:2)
  A crimson imp (D:3)
  A quasit (Abyss:2)
  2 gnoll boudas
  9 orc priests
  5 hounds
  3 jellies
  Jessica (D:3)
  3 iguanas
  A sleepcap (D:6)
  16 orc wizards
  10 adders
  10 gnolls
  2 white imps (D:6)
  3 ufetubi (D:6)
  2 dart slugs (D:2)
  40 orcs
  12 ball pythons
  6 bats
  9 endoplasms
  4 giant cockroaches
  12 goblins
  10 hobgoblins
  7 jackals
  2 quokkas
  5 frilled lizards
  A goblin zombie (D:3)
  5 hobgoblin zombies (D:3)
  35 kobolds
  4 kobold zombies (D:3)
  An orc skeleton (D:3)
  3 orc zombies (D:3)
  13 rats
603 creatures vanquished.

Vanquished Creatures (others)
  A tengu conjurer (D:13)
1 creature vanquished.

Grand Total: 604 creatures vanquished

Notes
Turn   | Place    | Note
-------+----------+-------------------------------------------
     0 | D:1      | qw the Gargoyle Fighter began the quest for the Orb.
     0 | D:1      | Reached XP level 1. HP: 14/14 MP: 1/1
     0 | D:1      | 0 ||| qw: Version: 0.2-a-29-g511e9b1
     0 | D:1      | 0 ||| qw: Game counter: 5254
     0 | D:1      | 0 ||| qw: Always use a shield: true
     0 | D:1      | 0 ||| qw: God list: Okawaru
     0 | D:1      | 0 ||| qw: Allow faded altars: false
     0 | D:1      | 0 ||| qw: Do Orc after D:15 true
     0 | D:1      | 0 ||| qw: Do second Lair branch before Depths: true
     0 | D:1      | 0 ||| qw: Lair rune preference: random
     0 | D:1      | 0 ||| qw: Plans: Normal, Zot:1-4, Slime:5, God:TSO, Crypt,
                  | Tomb, Abyss, Pan, Hells, Win
     0 | D:1      | 0 ||| PLANNING D:1-11
    32 | D:1      | 32 ||| Stepping ~*~*~tactically~*~*~ (stealth).
    36 | D:1      | Reached skill level 2 in Axes
   129 | D:1      | 129 ||| Stepping ~*~*~tactically~*~*~ (stealth).
   134 | D:1      | Reached XP level 2. HP: 19/19 MP: 2/2
   386 | D:1      | 386 ||| Stepping ~*~*~tactically~*~*~ (stealth).
   405 | D:1      | Found a faded altar of an unknown god.
   496 | D:1      | Reached skill level 3 in Axes
   548 | D:1      | 548 ||| UPGRADING to +0 pair of gloves.
   553 | D:1      | 553 ||| READING 2 scrolls labelled KOCVYC GAA.
   554 | D:1      | 554 ||| READING scroll labelled MUNKAU ROPUULE.
   573 | D:2      | 573 ||| Stepping ~*~*~tactically~*~*~ (hiding).
   575 | D:2      | 575 ||| Stepping ~*~*~tactically~*~*~ (hiding).
   582 | D:2      | Reached XP level 3. HP: 23/23 MP: 3/3
   672 | D:2      | Found a radiant altar of Vehumet.
   890 | D:2      | 890 ||| Stepping ~*~*~tactically~*~*~ (hiding).
  1005 | D:2      | 1005 ||| DROPPING +0 mace.
  1167 | D:2      | 1167 ||| UPGRADING to +0 chain mail.
  1177 | D:2      | 1177 ||| DROPPING +0 scale mail.
  1178 | D:2      | 1178 ||| READING scroll labelled SEUREU LUIFFEH.
  1179 | D:2      | 1179 ||| READING scroll labelled FIECKU NOZE.
  1235 | D:3      | 1235 ||| Stepping ~*~*~tactically~*~*~ (stealth).
  1237 | D:3      | 1237 ||| Stepping ~*~*~tactically~*~*~ (stealth).
  1242 | D:3      | Reached XP level 4. HP: 28/28 MP: 4/4
  1252 | D:3      | 1252 ||| Stepping ~*~*~tactically~*~*~ (stealth).
  1253 | D:3      | 1253 ||| Stepping ~*~*~tactically~*~*~ (stealth).
  1273 | D:3      | 1273 ||| Stepping ~*~*~tactically~*~*~ (stealth).
  1281 | D:3      | 1281 ||| Stepping ~*~*~tactically~*~*~ (stealth).
  1285 | D:3      | 1285 ||| Stepping ~*~*~tactically~*~*~ (stealth).
  1321 | D:3      | Found a glowing golden altar of the Shining One.
  1339 | D:3      | Reached skill level 4 in Axes
  1409 | D:3      | Reached XP level 5. HP: 32/32 MP: 5/5
  1454 | D:3      | Found a broken altar of Ashenzari.
  1598 | D:3      | Noticed Jessica
  1599 | D:3      | 1599 ||| READING scroll labelled QITYGRIZXU.
  1621 | D:3      | 1621 ||| Stepping ~*~*~tactically~*~*~ (hiding).
  1623 | D:3      | 1623 ||| Stepping ~*~*~tactically~*~*~ (hiding).
  1626 | D:3      | Killed Jessica
  1627 | D:3      | Reached skill level 5 in Axes
  1652 | D:3      | 1652 ||| Stepping ~*~*~tactically~*~*~ (stealth).
  1742 | D:3      | 1742 ||| Stepping ~*~*~tactically~*~*~ (hiding).
  1754 | D:3      | 1754 ||| FLEEEEING.
  1755 | D:3      | 1755 ||| FLEEEEING.
  1756 | D:3      | 1756 ||| Stepping ~*~*~tactically~*~*~ (hiding).
  1757 | D:3      | 1757 ||| FLEEEEING.
  1770 | D:3      | 1770 ||| FLEEEEING.
  1992 | D:3      | Found a stormy altar of Qazlal.
  2208 | D:3      | 2208 ||| DRINKING 5 lumpy grey potions.
  2220 | D:3      | 2220 ||| READING 2 scrolls of identify.
  2220 | D:3      | 2220 ||| IDENTIFYING white potion
  2221 | D:3      | 2221 ||| DROPPING potion of invisibility.
  2251 | D:4      | 2251 ||| PLANNING SEWER
  2266 | D:4      | Reached XP level 6. HP: 38/38 MP: 6/6
  2417 | D:4      | Noticed Blork the orc
  2422 | D:4      | Killed Blork the orc
  2423 | D:4      | Reached skill level 6 in Axes
  2469 | D:4      | Found a glowing drain.
  2485 | Sewer    | Entered a sewer
  2489 | Sewer    | 2489 ||| Stepping ~*~*~tactically~*~*~ (hiding).
  2493 | Sewer    | 2493 ||| Stepping ~*~*~tactically~*~*~ (hiding).
  2510 | Sewer    | Reached skill level 1 in Dodging
  2510 | Sewer    | Reached XP level 7. HP: 30/43 MP: 7/7
  2649 | Sewer    | 2649 ||| Stepping ~*~*~tactically~*~*~ (hiding).
  2702 | Sewer    | 2702 ||| Stepping ~*~*~tactically~*~*~ (water).
  2816 | Sewer    | 2816 ||| Stepping ~*~*~tactically~*~*~ (water).
  2864 | Sewer    | 2864 ||| Stepping ~*~*~tactically~*~*~ (water).
  2975 | Sewer    | Reached skill level 7 in Axes
  3237 | Sewer    | 3237 ||| READING scroll labelled COEWNAFANN.
  3238 | Sewer    | 3238 ||| READING scroll labelled QAPANTULLU.
  3239 | Sewer    | 3239 ||| READING scroll labelled TIF WEL PAOCOM.
  3240 | Sewer    | 3240 ||| READING scroll labelled ZEUVVA LUGUSO.
  3241 | Sewer    | 3241 ||| DRINKING 2 fizzy orange potions.
  3242 | Sewer    | 3242 ||| DROPPING potion of brilliance.
  3274 | D:4      | 3274 ||| PLANNING D:1-11
  3348 | D:4      | 3348 ||| Stepping ~*~*~tactically~*~*~ (stealth).
  3349 | D:4      | 3349 ||| Stepping ~*~*~tactically~*~*~ (stealth).
  3350 | D:4      | 3350 ||| Stepping ~*~*~tactically~*~*~ (stealth).
  3469 | D:4      | Found an opulent altar of Gozag.
  3618 | D:4      | 3618 ||| Stepping ~*~*~tactically~*~*~ (hiding).
  3776 | D:4      | Found a basalt altar of Yredelemnul.
  3825 | D:4      | 3825 ||| DRINKING 3 lumpy amethyst potions.
  3825 | D:4      | Gained mutation: You are partially covered in iridescent
                  | scales. (AC +2) [potion of mutation]
  3876 | D:5      | Entered Level 5 of the Dungeon
  3884 | D:5      | Reached XP level 8. HP: 44/49 MP: 8/8
  4065 | D:5      | Found a white marble altar of Elyvilon.
  4106 | D:5      | 4106 ||| Stepping ~*~*~tactically~*~*~ (stealth).
  4107 | D:5      | 4107 ||| Stepping ~*~*~tactically~*~*~ (stealth).
  4109 | D:5      | 4109 ||| Stepping ~*~*~tactically~*~*~ (stealth).
  4115 | D:5      | Reached skill level 8 in Axes
  4121 | D:5      | HP: 12/50 [killer bee (3)]
  4122 | D:5      | 4122 ||| DRINKING 5 potions of heal wounds.
  4157 | D:5      | Reached skill level 6 in Fighting
  4376 | D:5      | 4376 ||| Stepping ~*~*~tactically~*~*~ (hiding).
  4515 | D:5      | 4515 ||| Stepping ~*~*~tactically~*~*~ (hiding).
  4671 | D:5      | Reached XP level 9. HP: 55/55 MP: 9/9
  4775 | D:5      | Found a sacrificial altar of Ru.
  4782 | D:5      | Reached skill level 9 in Axes
  4846 | D:5      | Found a shadowy altar of Dithmenos.
  5085 | D:5      | 5085 ||| UPGRADING to +0 plate armour.
  5095 | D:5      | 5095 ||| DROPPING +0 chain mail.
  5096 | D:5      | 5096 ||| UPGRADING to ring of protection from cold.
  5097 | D:5      | 5097 ||| READING 3 scrolls of identify.
  5097 | D:5      | 5097 ||| IDENTIFYING sedimented silvery potion
  5098 | D:5      | 5098 ||| READING 2 scrolls of identify.
  5098 | D:5      | 5098 ||| IDENTIFYING fizzy silvery potion
  5099 | D:5      | 5099 ||| DROPPING potion of ambrosia.
  5134 | D:6      | 5134 ||| Stepping ~*~*~tactically~*~*~ (stealth).
  5135 | D:6      | 5135 ||| Stepping ~*~*~tactically~*~*~ (stealth).
  5137 | D:6      | 5137 ||| Stepping ~*~*~tactically~*~*~ (stealth).
  5214 | D:6      | 5214 ||| Stepping ~*~*~tactically~*~*~ (stealth).
  5217 | D:6      | 5217 ||| Stepping ~*~*~tactically~*~*~ (stealth).
  5362 | D:6      | Noticed Duvessa
  5363 | D:6      | 5363 ||| Stepping ~*~*~tactically~*~*~ (stealth).
  5365 | D:6      | 5365 ||| Stepping ~*~*~tactically~*~*~ (hiding).
  5375 | D:6      | Noticed Dowan
  5377 | D:6      | Killed Duvessa
  5383 | D:6      | Killed Dowan
  5515 | D:6      | Reached skill level 1 in Throwing
  5580 | D:6      | 5580 ||| Stepping ~*~*~tactically~*~*~ (hiding).
  5586 | D:6      | 5586 ||| DRINKING potion of curing.
  5586 | D:6      | 5586 ||| (to cure confusion)
  5665 | D:6      | 5665 ||| Stepping ~*~*~tactically~*~*~ (stealth).
  5703 | D:6      | Found a staircase to the Ecumenical Temple.
  5704 | D:6      | 5704 ||| PLANNING TEMPLE
  5722 | D:6      | 5722 ||| DROPPING ring of flight.
  5731 | Temple   | Entered the Ecumenical Temple
  5856 | Temple   | 5856 ||| PLANNING OKAWARU WORSHIP
  5938 | Temple   | Became a worshipper of Warmaster Okawaru
  5939 | Temple   | 5939 ||| PLANNING D:1-11
  6524 | D:6      | 6524 ||| READING scroll labelled IRAXEZA VAR.
  6821 | D:7      | Found a sparkling altar of Nemelex Xobeh.
  6828 | D:7      | 6828 ||| Stepping ~*~*~tactically~*~*~ (stealth).
  6830 | D:7      | 6830 ||| Stepping ~*~*~tactically~*~*~ (stealth).
  6830 | D:7      | Noticed Pikel
  6851 | D:7      | Killed Pikel
  6851 | D:7      | Reached * piety under Okawaru
  6923 | D:7      | 6923 ||| Stepping ~*~*~tactically~*~*~ (stealth).
  6924 | D:7      | 6924 ||| Stepping ~*~*~tactically~*~*~ (stealth).
  6940 | D:7      | 6940 ||| Stepping ~*~*~tactically~*~*~ (stealth).
  6942 | D:7      | 6942 ||| Stepping ~*~*~tactically~*~*~ (hiding).
  6993 | D:7      | Reached skill level 1 in Invocations
  7156 | D:7      | 7156 ||| Stepping ~*~*~tactically~*~*~ (stealth).
  7158 | D:7      | 7158 ||| Stepping ~*~*~tactically~*~*~ (hiding).
  7164 | D:7      | 7164 ||| INVOKING Heroism.
  7229 | D:7      | Reached XP level 10. HP: 63/63 MP: 11/11
  7303 | D:7      | 7303 ||| INVOKING Heroism.
  7322 | D:7      | Reached skill level 3 in Invocations
  7675 | D:7      | 7675 ||| UPGRADING to +0 pair of boots.
  7680 | D:7      | 7680 ||| UPGRADING to scarf of resistance.
  7685 | D:7      | 7685 ||| READING scroll labelled QYDOCO XIXITYU.
  7690 | D:7      | 7690 ||| READING 3 scrolls of identify.
  7690 | D:7      | 7690 ||| IDENTIFYING viscous yellow potion
  7691 | D:7      | 7691 ||| READING 2 scrolls of identify.
  7691 | D:7      | 7691 ||| IDENTIFYING golden potion
  7692 | D:7      | 7692 ||| DROPPING potion of berserk rage.
  7716 | D:8      | 7716 ||| DROPPING +0 flail.
  7760 | D:8      | 7760 ||| Stepping ~*~*~tactically~*~*~ (hiding).
  7762 | D:8      | 7762 ||| Stepping ~*~*~tactically~*~*~ (hiding).
  7767 | D:8      | 7767 ||| INVOKING Heroism.
  7811 | D:8      | Found Iailaam's Incredible Inventory.
  7818 | D:8      | 7818 ||| SHOPLISTING +0 ice dragon scales (840 gold, have
                  | 372).
  7818 | D:8      | 7818 ||| BUYING scroll of identify (28 gold).
  7818 | D:8      | Bought a scroll of identify for 28 gold pieces
  7847 | D:8      | Identified the amulet of Vaommualur {RegenMP Int+2}
  8110 | D:8      | Noticed a two-headed ogre
  8111 | D:8      | 8111 ||| INVOKING Heroism.
  8116 | D:8      | Killed a two-headed ogre
  8117 | D:8      | Reached skill level 10 in Axes
  8245 | D:8      | 8245 ||| Stepping ~*~*~tactically~*~*~ (stealth).
  8255 | D:8      | Reached ** piety under Okawaru
  8318 | D:8      | 8318 ||| INVOKING Heroism.
  8342 | D:8      | 8342 ||| DROPPING amulet of Vaommualur {RegenMP Int+2}.
  8343 | D:8      | 8343 ||| READING 3 scrolls of identify.
  8343 | D:8      | 8343 ||| IDENTIFYING fizzy pink potion
  8414 | D:9      | 8414 ||| INVOKING Heroism.
  8454 | D:9      | HP: 16/64 [killer bee (5)]
  8455 | D:9      | 8455 ||| DRINKING 5 potions of heal wounds.
  8458 | D:9      | 8458 ||| INVOKING Heroism.
  8469 | D:9      | Reached skill level 3 in Throwing
  8505 | D:9      | 8505 ||| FLEEEEING.
  8510 | D:9      | 8510 ||| STAIRDANCE
  8655 | D:9      | Found a flagged portal.
  8666 | D:9      | 8666 ||| Stepping ~*~*~tactically~*~*~ (stealth).
  8760 | D:9      | Noticed a cyclops
  8761 | D:9      | 8761 ||| Stepping ~*~*~tactically~*~*~ (stealth).
  8935 | D:9      | 8935 ||| Stepping ~*~*~tactically~*~*~ (hiding).
  8937 | D:9      | 8937 ||| Stepping ~*~*~tactically~*~*~ (hiding).
  8939 | D:9      | 8939 ||| INVOKING Heroism.
  8946 | D:9      | Killed a cyclops
  9021 | D:9      | 9021 ||| Stepping ~*~*~tactically~*~*~ (stealth).
  9097 | D:9      | 9097 ||| INVOKING Heroism.
  9109 | D:9      | Reached skill level 11 in Axes
  9262 | D:9      | 9262 ||| READING scroll labelled SUPTEU VIQURIA.
  9263 | D:9      | 9263 ||| READING 2 scrolls labelled WAECUC XILA.
  9264 | D:9      | 9264 ||| DROPPING scroll of immolation.
  9275 | D:10     | Entered Level 10 of the Dungeon
  9337 | D:10     | Reached XP level 11. HP: 68/68 MP: 14/14
  9394 | D:10     | Noticed Gastronok
  9395 | D:10     | 9395 ||| Stepping ~*~*~tactically~*~*~ (hiding).
  9396 | D:10     | 9396 ||| Stepping ~*~*~tactically~*~*~ (hiding).
  9398 | D:10     | 9398 ||| Stepping ~*~*~tactically~*~*~ (hiding).
  9402 | D:10     | 9402 ||| INVOKING Heroism.
  9428 | D:10     | Killed Gastronok
  9429 | D:10     | Reached skill level 9 in Fighting
  9669 | D:10     | 9669 ||| INVOKING Heroism.
  9696 | D:10     | 9696 ||| INVOKING Heroism.
  9717 | D:10     | Reached *** piety under Okawaru
  9789 | D:10     | Noticed a two-headed ogre
  9790 | D:10     | 9790 ||| INVOKING Heroism.
  9796 | D:10     | Killed a two-headed ogre
  9836 | D:10     | Noticed Lodul
  9837 | D:10     | 9837 ||| Stepping ~*~*~tactically~*~*~ (hiding).
  9838 | D:10     | 9838 ||| INVOKING Heroism.
  9846 | D:10     | Reached skill level 12 in Axes
  9860 | D:10     | Killed Lodul
  9860 | D:10     | Reached **** piety under Okawaru
  9861 | D:10     | Reached skill level 6 in Shields
  9915 | D:10     | Found a burning altar of Makhleb.
  9942 | D:10     | 9942 ||| UPGRADING to +2 hat of stealth.
 10014 | D:10     | 10014 ||| DROPPING orb of mayhem.
 10027 | D:10     | 10027 ||| Stepping ~*~*~tactically~*~*~ (hiding).
 10202 | D:10     | 10202 ||| INVOKING Heroism.
 10352 | D:10     | 10352 ||| READING 6 scrolls of identify.
 10352 | D:10     | 10352 ||| IDENTIFYING bubbling sapphire potion
 10409 | D:11     | Found a staircase to the Orcish Mines.
 10439 | D:11     | Found a staircase to the Lair.
 10439 | D:11     | Noticed an oklob plant
 10440 | D:11     | 10440 ||| INVOKING Heroism.
 10441 | D:11     | Noticed an oklob plant
 10441 | D:11     | Noticed an oklob plant
 10450 | D:11     | Killed an oklob plant
 10451 | D:11     | 10451 ||| FLEEEEING.
 10452 | D:11     | 10452 ||| FLEEEEING.
 10453 | D:11     | 10453 ||| FLEEEEING.
 10460 | D:11     | 10460 ||| STAIRDANCE
 10582 | D:10     | 10582 ||| READING scroll labelled REICZE FOGISH.
 10593 | D:11     | 10593 ||| Stepping ~*~*~tactically~*~*~ (stealth).
 10603 | D:11     | Reached XP level 12. HP: 77/77 MP: 15/15
 10604 | D:11     | Received a gift from Okawaru
 10608 | D:11     | Reached skill level 9 in Armour
 10635 | D:11     | 10635 ||| FLEEEEING.
 10637 | D:11     | 10637 ||| FLEEEEING.
 10638 | D:11     | 10638 ||| FLEEEEING.
 10639 | D:11     | 10639 ||| FLEEEEING.
 10640 | D:11     | 10640 ||| FLEEEEING.
 10641 | D:11     | 10641 ||| FLEEEEING.
 10642 | D:11     | 10642 ||| FLEEEEING.
 10643 | D:11     | 10643 ||| STAIRDANCE
 10707 | D:11     | 10707 ||| INVOKING Heroism.
 10720 | D:11     | Reached skill level 6 in Invocations
 10727 | D:11     | Received a gift from Okawaru
 10844 | D:11     | 10844 ||| INVOKING Heroism.
 10851 | D:11     | 10851 ||| DRINKING potion of cancellation.
 10851 | D:11     | HP: 12/77 [oklob plant/splash of acid (18)]
 10852 | D:11     | 10852 ||| DRINKING 4 potions of heal wounds.
 11000 | D:11     | Found a portal to a secret trove of treasure.
 11178 | D:11     | 11178 ||| PLANNING LAIR
 11178 | D:11     | 11178 ||| READING 5 scrolls of identify.
 11178 | D:11     | 11178 ||| IDENTIFYING murky clear potion
 11200 | Lair:1   | Entered Level 1 of the Lair of Beasts
 11256 | Lair:1   | 11256 ||| FLEEEEING.
 11257 | Lair:1   | 11257 ||| FLEEEEING.
 11258 | Lair:1   | 11258 ||| FLEEEEING.
 11259 | Lair:1   | 11259 ||| FLEEEEING.
 11260 | Lair:1   | 11260 ||| FLEEEEING.
 11261 | Lair:1   | 11261 ||| FLEEEEING.
 11262 | Lair:1   | 11262 ||| FLEEEEING.
 11264 | Lair:1   | 11264 ||| FLEEEEING.
 11265 | Lair:1   | 11265 ||| FLEEEEING.
 11266 | Lair:1   | 11266 ||| FLEEEEING.
 11267 | Lair:1   | 11267 ||| FLEEEEING.
 11268 | Lair:1   | 11268 ||| INVOKING Heroism.
 11308 | Lair:1   | 11308 ||| FLEEEEING.
 11309 | Lair:1   | 11309 ||| FLEEEEING.
 11311 | Lair:1   | 11311 ||| FLEEEEING.
 11313 | Lair:1   | 11313 ||| INVOKING Heroism.
 11337 | Lair:1   | 11337 ||| FLEEEEING.
 11339 | Lair:1   | 11339 ||| INVOKING Heroism.
 11397 | Lair:1   | Found a snail-covered altar of Cheibriados.
 11406 | Lair:1   | 11406 ||| Stepping ~*~*~tactically~*~*~ (stealth).
 11816 | Lair:1   | 11816 ||| Stepping ~*~*~tactically~*~*~ (stealth).
 11817 | Lair:1   | 11817 ||| Stepping ~*~*~tactically~*~*~ (stealth).
 11896 | Lair:1   | 11896 ||| Stepping ~*~*~tactically~*~*~ (hiding).
 11897 | Lair:1   | 11897 ||| Stepping ~*~*~tactically~*~*~ (hiding).
 12035 | Lair:1   | 12035 ||| INVOKING Heroism.
 12531 | Lair:1   | 12531 ||| READING 9 scrolls of identify.
 12531 | Lair:1   | 12531 ||| IDENTIFYING lumpy red potion
 12587 | Lair:2   | 12587 ||| INVOKING Heroism.
 12606 | Lair:2   | 12606 ||| INVOKING Heroism.
 12632 | Lair:2   | 12632 ||| INVOKING Heroism.
 12640 | Lair:2   | Reached skill level 13 in Axes
 12660 | Lair:2   | 12660 ||| INVOKING Heroism.
 12780 | Lair:2   | 12780 ||| Stepping ~*~*~tactically~*~*~ (stealth).
 12797 | Lair:2   | 12797 ||| INVOKING Heroism.
 12799 | Lair:2   | Reached skill level 9 in Invocations
 12928 | Lair:2   | 12928 ||| Stepping ~*~*~tactically~*~*~ (stealth).
 12933 | Lair:2   | 12933 ||| INVOKING Heroism.
 12942 | Lair:2   | Reached XP level 13. HP: 67/82 MP: 17/20
 13094 | Lair:2   | 13094 ||| INVOKING Heroism.
 13122 | Lair:2   | 13122 ||| INVOKING Heroism.
 13267 | Lair:2   | 13267 ||| INVOKING Heroism.
 13453 | Lair:2   | 13453 ||| INVOKING Heroism.
 13519 | Lair:2   | 13519 ||| Stepping ~*~*~tactically~*~*~ (hiding).
 13643 | Lair:2   | Found a staircase to the Swamp.
 13646 | Lair:2   | 13646 ||| INVOKING Heroism.
 13928 | Lair:2   | 13928 ||| UPGRADING to +6 ring of strength.
 14052 | Lair:3   | 14052 ||| Stepping ~*~*~tactically~*~*~ (hiding).
 14250 | Lair:3   | 14250 ||| Stepping ~*~*~tactically~*~*~ (hiding).
 14479 | Lair:3   | Found a hole to the Spider Nest.
 14712 | Lair:3   | 14712 ||| INVOKING Heroism.
 14717 | Lair:3   | 14717 ||| SWAPPING to +0 morningstar.
 14724 | Lair:3   | Reached skill level 14 in Axes
 14741 | Lair:3   | 14741 ||| UPGRADING to +0 war axe.
 14742 | Lair:3   | 14742 ||| UPGRADING to +0 vampiric war axe.
 14903 | Lair:3   | 14903 ||| READING 3 scrolls labelled TIWKUR ZUWA.
 14954 | Lair:3   | 14954 ||| DROPPING 2 scrolls of torment.
 14978 | Lair:4   | Found a viscous altar of Jiyva.
 14978 | Lair:4   | Found a staircase to the Slime Pits.
 15006 | Lair:4   | 15006 ||| INVOKING Heroism.
 15102 | Lair:4   | 15102 ||| INVOKING Heroism.
 15248 | Lair:4   | 15248 ||| INVOKING Heroism.
 15326 | Lair:4   | 15326 ||| Stepping ~*~*~tactically~*~*~ (stealth).
 15328 | Lair:4   | 15328 ||| Stepping ~*~*~tactically~*~*~ (stealth).
 15331 | Lair:4   | 15331 ||| Stepping ~*~*~tactically~*~*~ (stealth).
 15337 | Lair:4   | 15337 ||| Stepping ~*~*~tactically~*~*~ (stealth).
 15422 | Lair:4   | 15422 ||| INVOKING Heroism.
 15506 | Lair:4   | 15506 ||| INVOKING Heroism.
 15508 | Lair:4   | 15508 ||| Stepping ~*~*~tactically~*~*~ (stealth).
 15565 | Lair:4   | Identified the +0 plate armour of Edaklesa {Str+4}
 15770 | Lair:4   | 15770 ||| UPGRADING to +0 plate armour of Edaklesa {Str+4}.
 15780 | Lair:4   | 15780 ||| DROPPING +0 plate armour.
 15781 | Lair:4   | 15781 ||| DRINKING 2 murky pink potions.
 15782 | Lair:4   | 15782 ||| DROPPING potion of enlightenment.
 15825 | Lair:5   | Entered Level 5 of the Lair of Beasts
 15851 | Lair:5   | 15851 ||| Stepping ~*~*~tactically~*~*~ (water).
 15865 | Lair:5   | 15865 ||| INVOKING Heroism.
 15958 | Lair:5   | 15958 ||| INVOKING Heroism.
 15961 | Lair:5   | 15961 ||| SWAPPING to +0 morningstar.
 16009 | Lair:5   | 16009 ||| UPGRADING to +0 war axe.
 16010 | Lair:5   | 16010 ||| UPGRADING to +0 vampiric war axe.
 16039 | Lair:5   | 16039 ||| INVOKING Heroism.
 16106 | Lair:5   | 16106 ||| INVOKING Heroism.
 16277 | Lair:5   | 16277 ||| INVOKING Heroism.
 16344 | Lair:5   | 16344 ||| Stepping ~*~*~tactically~*~*~ (stealth).
 16345 | Lair:5   | 16345 ||| Stepping ~*~*~tactically~*~*~ (stealth).
 16377 | Lair:5   | 16377 ||| INVOKING Heroism.
 16393 | Lair:5   | Reached skill level 15 in Axes
 16393 | Lair:5   | Gained mutation: Your large and strong wings let you fly.
                  | [Gargoyle growth]
 16393 | Lair:5   | Reached XP level 14. HP: 68/90 MP: 21/21
 16398 | Lair:5   | 16398 ||| INVOKING Heroism.
 16406 | Lair:5   | 16406 ||| SWAPPING to +0 morningstar.
 16409 | Lair:5   | Reached skill level 3 in Dodging
 16432 | Lair:5   | 16432 ||| FLEEEEING.
 16573 | Lair:5   | 16573 ||| UPGRADING to +0 war axe.
 16574 | Lair:5   | 16574 ||| UPGRADING to +0 vampiric war axe.
 16640 | Lair:5   | 16640 ||| Stepping ~*~*~tactically~*~*~ (stealth).
 16675 | Lair:5   | 16675 ||| Stepping ~*~*~tactically~*~*~ (stealth).
 16678 | Lair:5   | Reached ***** piety under Okawaru
 16703 | Lair:5   | 16703 ||| INVOKING Heroism.
 16719 | Lair:5   | 16719 ||| Stepping ~*~*~tactically~*~*~ (stealth).
 16844 | Lair:5   | 16844 ||| READING scroll of enchant weapon.
 16844 | Lair:5   | 16844 ||| ENCHANTING +0 vampiric war axe.
 16855 | Lair:5   | 16855 ||| Stepping ~*~*~tactically~*~*~ (hiding).
 16856 | Lair:5   | 16856 ||| Stepping ~*~*~tactically~*~*~ (hiding).
 16992 | Lair:5   | 16992 ||| Stepping ~*~*~tactically~*~*~ (stealth).
 17022 | Lair:5   | 17022 ||| Stepping ~*~*~tactically~*~*~ (stealth).
 17029 | Lair:5   | 17029 ||| Stepping ~*~*~tactically~*~*~ (stealth).
 17035 | Lair:5   | 17035 ||| Stepping ~*~*~tactically~*~*~ (stealth).
 17056 | Lair:5   | 17056 ||| Stepping ~*~*~tactically~*~*~ (stealth).
 17060 | Lair:5   | 17060 ||| INVOKING Heroism.
 17063 | Lair:5   | 17063 ||| INVOKING Finesse.
 17084 | Lair:5   | Received a gift from Okawaru
 17085 | Lair:5   | Reached skill level 12 in Fighting
 17227 | Lair:5   | Noticed Josephine
 17228 | Lair:5   | 17228 ||| Stepping ~*~*~tactically~*~*~ (hiding).
 17246 | Lair:5   | Killed Josephine
 17263 | Lair:5   | 17263 ||| INVOKING Heroism.
 17302 | Lair:5   | 17302 ||| INVOKING Heroism.
 17380 | Lair:5   | 17380 ||| Stepping ~*~*~tactically~*~*~ (stealth).
 17548 | Lair:5   | 17548 ||| Stepping ~*~*~tactically~*~*~ (stealth).
 17591 | Lair:5   | 17591 ||| Stepping ~*~*~tactically~*~*~ (stealth).
 17593 | Lair:5   | 17593 ||| Stepping ~*~*~tactically~*~*~ (stealth).
 17594 | Lair:5   | 17594 ||| Stepping ~*~*~tactically~*~*~ (stealth).
 17725 | Lair:5   | 17725 ||| PLANNING D
 17725 | Lair:5   | 17725 ||| READING scroll labelled ALERIEMPI KOCIE.
 17868 | D:12     | 17868 ||| Stepping ~*~*~tactically~*~*~ (hiding).
 17869 | D:12     | 17869 ||| Stepping ~*~*~tactically~*~*~ (hiding).
 17871 | D:12     | 17871 ||| Stepping ~*~*~tactically~*~*~ (stealth).
 17897 | D:12     | 17897 ||| INVOKING Heroism.
 17905 | D:12     | 17905 ||| INVOKING Finesse.
 17914 | D:12     | 17914 ||| Stepping ~*~*~tactically~*~*~ (hiding).
 17915 | D:12     | 17915 ||| Stepping ~*~*~tactically~*~*~ (hiding).
 17916 | D:12     | 17916 ||| Stepping ~*~*~tactically~*~*~ (hiding).
 17975 | D:12     | You are sucked into a shaft and drop 2 floors!
 18011 | D:14     | 18011 ||| Stepping ~*~*~tactically~*~*~ (hiding).
 18035 | D:14     | 18035 ||| READING 12 scrolls of identify.
 18035 | D:14     | 18035 ||| IDENTIFYING grey potion
 18036 | D:14     | 18036 ||| DROPPING potion of degeneration.
 18042 | D:13     | Noticed Sonja
 18043 | D:13     | 18043 ||| Stepping ~*~*~tactically~*~*~ (hiding).
 18061 | D:13     | Killed Sonja
 18061 | D:13     | Received a gift from Okawaru
 18071 | D:13     | 18071 ||| INVOKING Heroism.
 18090 | D:13     | Reached skill level 16 in Axes
 18110 | D:13     | 18110 ||| Stepping ~*~*~tactically~*~*~ (stealth).
 18112 | D:13     | 18112 ||| Stepping ~*~*~tactically~*~*~ (stealth).
 18117 | D:13     | 18117 ||| Stepping ~*~*~tactically~*~*~ (stealth).
 18124 | D:13     | 18124 ||| INVOKING Heroism.
 18161 | D:13     | 18161 ||| INVOKING Heroism.
 18248 | D:13     | 18248 ||| Stepping ~*~*~tactically~*~*~ (hiding).
 18249 | D:13     | 18249 ||| Stepping ~*~*~tactically~*~*~ (hiding).
 18252 | D:13     | 18252 ||| Stepping ~*~*~tactically~*~*~ (hiding).
 18253 | D:13     | 18253 ||| Stepping ~*~*~tactically~*~*~ (hiding).
 18254 | D:13     | 18254 ||| Stepping ~*~*~tactically~*~*~ (hiding).
 18416 | D:13     | 18416 ||| INVOKING Heroism.
 18421 | D:13     | 18421 ||| Stepping ~*~*~tactically~*~*~ (stealth).
 18444 | D:13     | 18444 ||| Stepping ~*~*~tactically~*~*~ (stealth).
 18513 | D:13     | 18513 ||| READING scroll of enchant weapon.
 18513 | D:13     | 18513 ||| ENCHANTING +1 vampiric war axe.
 18539 | D:13     | 18539 ||| INVOKING Heroism.
 18629 | D:13     | 18629 ||| READING scroll labelled KANIQU CUIVUTI.
 18629 | D:13     | Identified a scroll of acquirement
 18629 | D:13     | 18629 ||| ACQUIRING 960 gold pieces
 18629 | D:13     | Acquired 960 gold pieces
 18647 | D:12     | Reached XP level 15. HP: 87/96 MP: 22/22
 18851 | D:12     | Received a gift from Okawaru
 18890 | D:12     | 18890 ||| DRINKING 5 potions of curing.
 18890 | D:12     | 18890 ||| (to cure confusion)
 18974 | D:12     | 18974 ||| Stepping ~*~*~tactically~*~*~ (hiding).
 19392 | D:13     | 19392 ||| INVOKING Heroism.
 19402 | D:13     | Received a gift from Okawaru
 19404 | D:13     | HP: 20/98 [death knight/+4 glaive (19)]
 19405 | D:13     | 19405 ||| READING 3 scrolls of teleportation.
 19406 | D:13     | 19406 ||| DRINKING 5 potions of heal wounds.
 19411 | D:13     | Noticed Erolcha
 19412 | D:13     | Reached skill level 6 in Throwing
 19430 | D:13     | Killed Erolcha
 19502 | D:13     | 19502 ||| Stepping ~*~*~tactically~*~*~ (stealth).
 19503 | D:13     | 19503 ||| Stepping ~*~*~tactically~*~*~ (stealth).
 19507 | D:13     | 19507 ||| INVOKING Heroism.
 19640 | D:13     | 19640 ||| DROPPING +0 war axe.
 19690 | D:13     | 19690 ||| DRINKING 4 potions of curing.
 19690 | D:13     | 19690 ||| (to cure confusion)
 19701 | D:13     | Found a gate to the Vaults.
 19966 | D:13     | 19966 ||| UPGRADING to +1 buckler of protection.
 19976 | D:13     | 19976 ||| DROPPING +0 buckler.
 20045 | D:14     | Reached skill level 9 in Shields
 20103 | D:14     | Noticed Rupert
 20104 | D:14     | 20104 ||| INVOKING Heroism.
 20105 | D:14     | 20105 ||| INVOKING Finesse.
 20120 | D:14     | Killed Rupert
 20120 | D:14     | Received a gift from Okawaru
 20175 | D:14     | 20175 ||| Stepping ~*~*~tactically~*~*~ (hiding).
 20176 | D:14     | 20176 ||| Stepping ~*~*~tactically~*~*~ (hiding).
 20177 | D:14     | 20177 ||| Stepping ~*~*~tactically~*~*~ (hiding).
 20178 | D:14     | 20178 ||| Stepping ~*~*~tactically~*~*~ (hiding).
 20179 | D:14     | 20179 ||| Stepping ~*~*~tactically~*~*~ (hiding).
 20210 | D:14     | 20210 ||| Stepping ~*~*~tactically~*~*~ (hiding).
 20211 | D:14     | 20211 ||| Stepping ~*~*~tactically~*~*~ (hiding).
 20213 | D:14     | 20213 ||| Stepping ~*~*~tactically~*~*~ (hiding).
 20309 | D:14     | 20309 ||| Stepping ~*~*~tactically~*~*~ (hiding).
 20311 | D:14     | 20311 ||| Stepping ~*~*~tactically~*~*~ (hiding).
 20312 | D:14     | 20312 ||| Stepping ~*~*~tactically~*~*~ (hiding).
 20313 | D:14     | 20313 ||| Stepping ~*~*~tactically~*~*~ (hiding).
 20530 | D:14     | 20530 ||| INVOKING Heroism.
 20545 | D:14     | HP: 21/98 [skeletal warrior/+0 flail (10)]
 20546 | D:14     | 20546 ||| READING 3 scrolls of teleportation.
 20547 | D:14     | 20547 ||| DRINKING 4 potions of heal wounds.
 20550 | D:14     | 20550 ||| DRINKING 3 potions of heal wounds.
 20609 | D:14     | 20609 ||| INVOKING Heroism.
 20694 | D:14     | 20694 ||| INVOKING Heroism.
 20701 | D:14     | 20701 ||| Stepping ~*~*~tactically~*~*~ (hiding).
 20722 | D:14     | Reached skill level 12 in Armour
 20917 | D:14     | 20917 ||| INVOKING Heroism.
 20918 | D:14     | 20918 ||| INVOKING Finesse.
 20919 | D:14     | 20919 ||| SWAPPING to +0 morningstar.
 20925 | D:14     | 20925 ||| UPGRADING to +2 vampiric war axe.
 20927 | D:14     | 20927 ||| Stepping ~*~*~tactically~*~*~ (hiding).
 21107 | D:14     | Found an ornate altar of the Wu Jian Council.
 21123 | D:14     | 21123 ||| UPGRADING to +0 kite shield.
 21133 | D:14     | 21133 ||| DROPPING +1 buckler of protection.
 21134 | D:14     | 21134 ||| UPGRADING to +1 kite shield of positive energy.
 21144 | D:14     | 21144 ||| DROPPING +0 kite shield.
 21145 | D:14     | 21145 ||| UPGRADING to +4 ring of protection.
 21199 | D:15     | Entered Level 15 of the Dungeon
 21202 | D:15     | 21202 ||| Stepping ~*~*~tactically~*~*~ (stealth).
 21206 | D:15     | 21206 ||| STAIRDANCE
 21225 | D:15     | 21225 ||| Stepping ~*~*~tactically~*~*~ (hiding).
 21227 | D:15     | 21227 ||| Stepping ~*~*~tactically~*~*~ (hiding).
 21231 | D:15     | 21231 ||| INVOKING Heroism.
 21239 | D:15     | Received a gift from Okawaru
 21266 | Abyss:2  | Cast into level 2 of the Abyss (a wizard)
 21272 | Abyss:2  | Found a corrupted altar of Lugonu.
 21293 | Abyss:2  | Found a corrupted altar of Lugonu.
 21354 | Abyss:2  | 21354 ||| Stepping ~*~*~tactically~*~*~ (stealth).
 21402 | Abyss:2  | Found a corrupted altar of Lugonu.
 21403 | Abyss:2  | 21403 ||| Stepping ~*~*~tactically~*~*~ (stealth).
 21404 | Abyss:2  | 21404 ||| Stepping ~*~*~tactically~*~*~ (stealth).
 21407 | Abyss:2  | 21407 ||| Stepping ~*~*~tactically~*~*~ (stealth).
 21408 | Abyss:2  | 21408 ||| Stepping ~*~*~tactically~*~*~ (stealth).
 21425 | Abyss:2  | 21425 ||| INVOKING Heroism.
 21545 | Abyss:2  | 21545 ||| Stepping ~*~*~tactically~*~*~ (stealth).
 21552 | Abyss:2  | 21552 ||| INVOKING Heroism.
 21559 | Abyss:2  | HP: 5/98 [wretched star/lance of force (25)]
 21560 | Abyss:2  | 21560 ||| READING 2 scrolls of teleportation.
 21561 | Abyss:2  | 21561 ||| DRINKING 2 potions of heal wounds.
 21562 | Abyss:2  | 21562 ||| DRINKING potion of heal wounds.
 21566 | Abyss:2  | Slain by a reaper

Levels and vault maps discovered:
D:1:      grunt_arrival_lava_bath, layout_basic,
          shapermc_ecumenical_altar_mp_highgroup, minmay_tromino_v7
D:2:      minmay_inner_zag, layout_basic, basic_altar, minmay_small_reverse_x
D:3:      layout_loops_ring, tgw_sif, mainiacjoe_overflow_cross_hatched,
          general_overflow_altar, nicolae_tso_besieged_by_evil
D:4:      layout_basic, lemuel_coloured_pillars_altar, kennysheep_mini,
          portal_sewer_entry_b, uniq_blork_the_orc
D:5:      layout_basic, elyvilon_altar_1, mainiacjoe_overflow_large_starburst
D:6:      layout_basic, minmay_temple_entry_junction, minmay_increasing_density,
          uniq_duvessa
D:7:      layout_basic, mainiacjoe_overflow_brackets, uniq_pikel
D:8:      layout_basic, nicolae_alphabet_shops
D:9:      layout_rooms, enter_bailey_3, nicolae_hexahallways
D:10:     layout_roguey [special_room_bee], bloody_makhleb, serial_rivers,
          chequers_serial_rivers_micro_b, chequers_serial_rivers_large_a,
          chequers_serial_rivers_micro_c, chequers_serial_rivers_small_3,
          chequers_serial_rivers_micro_b, uniq_gastronok, uniq_lodul
D:11:     layout_rooms, dpeg_oklobed_lair, orc_0_dummy,
          nicolae_trove_entry_free_sample, due_unseen_surprise
D:12:     layout_long_grid, chequers_serial_rivers_micro_b
D:13:     layout_small_grid, david_vaults_1, portal_ice_cave_entry_pillars_1,
          uniq_sonja, uniq_erolcha
D:14:     layout_basic, pdpol_wu_jian_five_deadly_venoms, uniq_rupert
D:15:     grunt_enter_depths_magical_seal, layout_cave_pods,
          kennysheep_flooded_box
Temple:   grunt_temple_mini_profane
Lair:1:   wander_river, layout_cave_pods, kennysheep_snail_temple
Lair:2:   layout_long_grid, nicolae_swamp_entry_splash_gauntlet,
          serial_bayou_lagoon_a
Lair:3:   layout_regular_city, nicolae_spider_entry_orb_guardian
Lair:4:   layout_regular_city, slime_entry_1
Lair:5:   minmay_lair_end_enchanted_forest, layout_loops_ring,
          grunt_megastairs_1, infiniplex_staircase_pool_2, uniq_josephine
Abyss:2:  base: D:7, bh_abyss_exit_grid, hangedman_abyss_town

Skill      XL: |  1  2  3  4  5  6  7  8  9 10 11 12 13 14 15 |
---------------+----------------------------------------------+-----
Axes           | 2 3 4 5 6 7 8 9 11 12 13 15 16 | 16.0
Fighting       | 4 5 6 7 8 9 10 11 12 13 | 13.1
Dodging        | 1 2 3 |  3.0
Armour         | 4 7 8 9 10 11 12 | 12.0
Shields        | 4 5 6 7 8 9 |  9.9
Throwing       | 2 3 4 5 7 |  7.0
Invocations    | 2 4 5 9 10 | 10.0

Action                     |  1- 3 |  4- 6 |  7- 9 | 10-12 | 13-15 || total
---------------------------+-------+-------+-------+-------+-------++-------
  Melee: War axe           |    89 |   177 |   471 |   663 |  1130 ||  2530
         Morningstar       |       |       |       |       |    26 ||    26
  Throw: Boomerang         |       |     6 |       |       |   118 ||   124
         Javelin           |       |       |    28 |    52 |    84 ||   164
 Invoke: Heroism           |       |       |     1 |    27 |    38 ||    66
         Finesse           |       |       |       |       |     4 ||     4
    Use: Scroll            |     4 |     2 |     7 |    10 |     9 ||    32
         Potion            |       |     1 |     4 |     3 |     8 ||    16
 Armour: Scale mail        |    41 |       |       |       |       ||    41
         Chain mail        |     4 |   109 |   215 |       |       ||   328
         Plate armour      |       |       |   146 |   552 |   701 ||  1399
  Dodge: Dodged            |    24 |    45 |   201 |   270 |   290 ||   830
  Block: Buckler           |    11 |    31 |   100 |   180 |   201 ||   523
         Kite shield       |       |       |       |       |    25 ||    25

Table legend:
 A = Non-vault XP
 B = Vault XP
 C = Vault XP percentage of total XP
 D = Non-vault monster count
 E = Vault monster count
 F = Vault count percentage of total count
                 A         B        C        D         E       F
            +---------+---------+-------+---------+---------+-------
      Total |   87296 |   28241 |  24.4 |     423 |     180 |  29.9
            +---------+---------+-------+---------+---------+-------
        D:1 |      25 |       6 |  19.4 |      14 |       4 |  22.2
        D:2 |      28 |      17 |  37.8 |      14 |       9 |  39.1
        D:3 |     141 |     101 |  41.7 |      27 |      16 |  37.2
        D:4 |     262 |     105 |  28.6 |      20 |       8 |  28.6
        D:5 |    1359 |       0 |   0.0 |      34 |       0 |   0.0
        D:6 |     593 |     361 |  37.8 |      18 |       7 |  28.0
        D:7 |     992 |     641 |  39.3 |      24 |       1 |   4.0
        D:8 |    1647 |       0 |   0.0 |      22 |       0 |   0.0
        D:9 |    2291 |       8 |   0.3 |      33 |       4 |  10.8
       D:10 |    3702 |    4980 |  57.4 |      13 |      36 |  73.5
       D:11 |    2577 |     512 |  16.6 |       9 |       1 |  10.0
       D:12 |    6162 |       0 |   0.0 |      27 |       0 |   0.0
       D:13 |   15434 |    3563 |  18.8 |      31 |       6 |  16.2
       D:14 |   13631 |    1825 |  11.8 |      24 |       1 |   4.0
       D:15 |    2645 |       0 |   0.0 |       4 |       0 |   0.0
     Lair:1 |    5035 |    1211 |  19.4 |      27 |       3 |  10.0
     Lair:2 |    6844 |    1717 |  20.1 |      28 |       5 |  15.2
     Lair:3 |    2023 |     713 |  26.1 |       5 |       1 |  16.7
     Lair:4 |    5667 |       0 |   0.0 |      19 |       0 |   0.0
     Lair:5 |   14601 |   11990 |  45.1 |      27 |      55 |  67.1
    Abyss:2 |    1637 |       0 |   0.0 |       3 |       0 |   0.0
      Sewer |       0 |     491 | 100.0 |       0 |      23 | 100.0
            +---------+---------+-------+---------+---------+-------
